[Event "Czech Championship Women 2022"]
[Site "Jaromerice nad Rokytnou"]
[Date "2022.05.24"]
[Round "1.1"]
[White "Sikorova, Olga"]
[Black "Pilsova, Karolina"]
[Result "1/2-1/2"]
[ECO "A11"]
[WhiteElo "2173"]
[BlackElo "2229"]
[Annotator "TA"]
[PlyCount "113"]
[EventDate "2022.05.24"]
[EventType "tourn"]
[EventCountry "CZE"]
[SourceTitle "playchess.com"]
[Source "ChessBase"]
[SourceQuality "1"]
[TimeControl "40/5400+30:1800+30"]

1. Nf3 d5 2. c4 c6 3. g3 Nf6 4. Bg2 Bg4 5. cxd5 Bxf3 6. Bxf3 cxd5 7. O-O {[%emt 0:00:31] A11: English Opening: 1...c6.} Nc6 8. Bg2 e6 9. Nc3 {[%emt 0:00:21] [#]} Bc5 $146 ({Predecessor:} 9... Be7 10. d3 O-O 11. Bd2 Rc8 12. a3 Qd7 13. b4 Rfd8 14. Rc1 h6 15. Qb3 Nd4 {0-1 (40) Hera,I (2611)-Grachev,B (2612) Chess.com INT 2020}) 10. b3 h5 11. Bb2 h4 12. e3 Qe7 13. d4 Bb4 14. a3 Bxc3 15. Bxc3 Ne4 16. Bxe4 dxe4 17. d5 O-O-O 18. Qg4 {[%emt 0:02:39] Prevents Qg5.} Rxd5 {[%emt 0:01:40] ...hxg3 is the strong threat.} 19. Qxe4 Qg5 20. Rfc1 hxg3 21. hxg3 Qh5 (21... Qh6 $11) 22. b4 f5 23. Qg2 Rhd8 (23... Qg4 $11) 24. Bxg7 $16 Kb8 25. Bc3 Qe2 (25... Ne5 $14 {should be considered.}) 26. Qf1 Qg4 27. b5 Ne5 28. Bxe5+ Rxe5 29. Rc4 $1 Qf3 (29... Re4 $16 30. Rac1 Rxc4 31. Rxc4 (31. Qxc4 Rd1+ 32. Kg2 Rxc1 $16) 31... Qf3) 30. Rf4 $18 Qh5 31. Rd4 (31. Rh4 $16 Qf3 32. Rf4) 31... Red5 (31... Rh8 32. Rh4 Qe8 33. Rxh8 Qxh8 34. Rc1 $16) (31... Rxd4 $1 $14 32. exd4 Rd5) 32. Rxd5 Rxd5 $16 {[%emt 0:00:04][%mdl 4096] Endgame KQR-KQR} 33. a4 (33. Qc4 $16) 33... Qf3 (33... Rd8 $14) 34. Qc4 $1 $40 {[%emt 0:00:46][%mdl 128] White is out for blood.} Rd2 35. Qf4+ $2 (35. Rf1 $1 $18) 35... Qxf4 $11 36. exf4 {[%emt 0:00:19] next Re1 is good for White. KR-KR} Kc7 37. Kf1 Kb6 38. Re1 Rd6 39. Rc1 Ka5 (39... Rd4 $11 {remains equal.}) 40. Rc4 ({Better is} 40. Rc7 $16) 40... Rd2 (40... Rd8 $14) 41. Rc7 $1 $18 Kb6 (41... Kxa4 $142 42. Rxb7 Rd5) 42. Re7 Rd6 43. f3 a6 44. Ke2 (44. bxa6 $142 bxa6 45. g4) 44... axb5 45. axb5 Kxb5 46. Rxb7+ Kc5 47. Rc7+ Kd5 48. Rc2 Ra6 {[%emt 0:00:07] [#]} 49. Rd2+ $1 Kc5 50. g4 Ra4 {[%emt 0:05:55] [#]} 51. Ke3 $1 fxg4 $2 (51... Kc6 52. g5 Ra7) 52. fxg4 e5 53. fxe5 Rxg4 54. Kf3 (54. Rd6 $142 Rh4 55. Kf3) 54... Rh4 55. e6 $2 (55. Rd8 $18 {Threatening mate with e6.} Rh1 56. Ke4) 55... Rh6 $11 56. Re2 {[%emt 0:12:35] White wants to mate with e7.} Rh8 $1 57. Kf4 {[%emt 0:00:53] Weighted Error Value: White=0.26 (precise) /Black=0.47} 1/2-1/2

[Event "Czech Championship Women 2022"]
[Site "Jaromerice nad Rokytnou"]
[Date "2022.05.24"]
[Round "1.2"]
[White "Novosadova, Kristyna"]
[Black "Lhotska, Anna"]
[Result "1-0"]
[ECO "B94"]
[WhiteElo "2147"]
[BlackElo "2029"]
[Annotator "TA"]
[PlyCount "65"]
[EventDate "2022.05.24"]
[EventType "tourn"]
[EventCountry "CZE"]
[SourceTitle "playchess.com"]
[Source "ChessBase"]
[SourceQuality "1"]
[TimeControl "40/5400+30:1800+30"]

1. e4 c5 2. Nf3 d6 3. d4 cxd4 4. Nxd4 Nf6 5. Nc3 a6 6. Bg5 Nbd7 7. f4 Qc7 (7... e5 $5 8. Nb3 Be7 $11) 8. Qf3 {[%emt 0:00:20] B94: Sicilian Najdorf: 6 Bg5 Nbd7.} h6 {[%emt 0:00:34] 8...b5 is more fashionable.} 9. Bxf6 Nxf6 10. f5 {[%emt 0:00:29] White is slightly better.} Qc5 11. O-O-O g5 12. fxg6 {[%emt 0:04:28] Nd5 is the strong threat.} Bg4 13. gxf7+ Kxf7 14. Qd3 {[%emt 0:01:21] Threatens to win with Be2.} Bxd1 15. Qxd1 (15. Nxd1 $5 Qe5 16. Nc3 $11) 15... Bg7 {[%emt 0:01:50] [#]} 16. e5 $146 (16. Na4 $14 Qg5+ 17. Kb1) ({Predecessor:} 16. Nf5 Rac8 17. Be2 Qe5 18. Bh5+ Kf8 19. Rf1 Rxc3 20. bxc3 Qxc3 21. Qd4 Qxd4 22. Nxd4 {0-1 (64) Haubro,M (2347)-Lindgren,P (2421) Stockholm 2017}) 16... dxe5 $15 17. Nb3 Qe3+ 18. Nd2 Rhd8 19. Bc4+ Ke8 20. Re1 Qg5 21. Qe2 (21. Bd3 $1 $15) 21... Rd4 (21... h5 $1 $17 {aiming for ...Bh6.} 22. Bd3 Bh6) 22. Bd3 Rad8 ({Black should try} 22... Rc8 $1 $15) 23. Kb1 $1 $14 {[%emt 0:00:26][%mdl 1024] White has compensation.} Qg4 24. Nf3 (24. Qxe5 $2 Ne4 $1 25. Qxe4 (25. Bb5+ $2 Kf8 $19) 25... Rxe4 26. Ncxe4 Qxg2 $19) 24... Rb4 (24... Rxd3 $14 25. cxd3 Nd5) 25. a3 $40 {[%emt 0:00:49][%mdl 128] White goes for the king.} (25. Qxe5 $2 Nd5 $1 26. Nxd5 Bxe5 $19) 25... Rb6 {[%emt 0:00:39][%cal Oe5e4] [#]} 26. h3 $1 (26. Nxe5 Qxe2 27. Bxe2 Rd4 $15) (26. Qxe5 $2 {[#]} Nd5 $1 27. Nxd5 Bxe5 $19) 26... Qe6 {[%emt 0:06:17][%cal Oe5e4] Hoping for ...e4!} 27. Nxe5 (27. Qxe5 Qxe5 28. Nxe5 Nd7 $11) 27... Nd5 $2 {[%emt 0:03:23][%mdl 8192] Loses the game.} (27... Rxd3 $16 28. cxd3 (28. Qxd3 Nd7 $16) 28... Nd7) 28. Qh5+ $18 Kf8 {[%emt 0:00:48] And now ...Nxc3+ would win.} 29. Nxd5 ({Don't take} 29. Ng6+ Qxg6 30. Bxg6 Nxc3+ 31. Ka1 Na4 32. Qf3+ Kg8 $18) 29... Rxd5 30. Qf3+ ({Inferior is} 30. Rf1+ Bf6 31. Qxh6+ Ke8 $14) 30... Kg8 31. Bc4 {[%emt 0:00:06][%mdl 64] Skewer. Dancing on a razor blade.} Rxb2+ $2 (31... Rbd6 {might work better.} 32. Nd3 (32. Bxd5 Qxd5 33. Qxd5+ Rxd5 $16) 32... Qf7) 32. Kxb2 Rb5+ (32... Bxe5+ $2 33. Ka2 Kh8 34. Bxd5) (32... Rxe5 $142 33. Bxe6+ Rxe6+ 34. c3 Rxe1 35. Qxb7 Re3 36. Qxa6 Rxc3) 33. Ka2 {[%emt 0:00:25] Weighted Error Value: White=0.15 (very precise) /Black=0.41} 1-0

[Event "Czech Championship Women 2022"]
[Site "Jaromerice nad Rokytnou"]
[Date "2022.05.24"]
[Round "1.3"]
[White "Koubova, Anna Marie"]
[Black "Petrova, Kristyna"]
[Result "1/2-1/2"]
[ECO "D85"]
[WhiteElo "2115"]
[BlackElo "2264"]
[Annotator "TA"]
[PlyCount "91"]
[EventDate "2022.05.24"]
[EventType "tourn"]
[EventCountry "CZE"]
[SourceTitle "playchess.com"]
[Source "ChessBase"]
[SourceQuality "1"]
[TimeControl "40/5400+30:1800+30"]

1. d4 Nf6 2. c4 g6 3. Nc3 d5 4. cxd5 Nxd5 5. e4 Nxc3 6. bxc3 Bg7 7. Nf3 O-O 8. Be2 c5 9. O-O Bg4 {[%emt 0:12:42] 9...b6 is becoming the main line. D85: Exchange Grünfeld: Unusual White 7th moves and lines with 7 Nf3.} 10. Be3 Qa5 11. Rb1 cxd4 {[%emt 0:29:17] White is slightly better.} 12. cxd4 Qxa2 13. Rxb7 {[%emt 0:04:37] [#]} Nc6 $146 ({Predecessor:} 13... e6 14. h3 Bxf3 15. Bxf3 Nc6 16. e5 Qa6 17. Rb1 Rac8 18. Ra1 Qb5 19. Qa4 Qxa4 20. Rxa4 {½-½ (45) Alsina Leal,D (2521)-Aranda Marin,C (2372) Madrid 2016}) 14. d5 Ne5 15. Rxe7 a5 16. Bd4 Nxf3+ 17. Bxf3 Bxf3 18. gxf3 {[%emt 0:00:08] Threatens to win with d6.} Qa3 {[%emt 0:05:02] [#]} 19. Bxg7 $1 {[%emt 0:00:33] White is more active.} Qxe7 20. Bxf8 Qg5+ 21. Kh1 Rxf8 $16 {[%emt 0:00:48][%mdl 4096] Endgame KQR-KQR} 22. Rg1 (22. Qd4 {seems wilder.} Ra8 23. d6 a4 24. Rd1) 22... Qf4 23. Qd3 a4 24. Ra1 Ra8 25. Qe3 (25. d6 $14) 25... Qe5 (25... Qxe3 $11 {keeps the balance.} 26. fxe3 a3) 26. Ra2 Qb8 {[%emt 0:01:27] White must now prevent ...Qb1+.} 27. Ra3 Qb5 28. Kg2 {[%emt 0:01:03] Prevents Qf1+.} Rc8 (28... Qa5 $16) 29. Rc3 (29. d6 $18 {has better winning chances.}) 29... Rxc3 30. Qxc3 {[%emt 0:00:05] KQ-KQ} h5 $2 (30... Qa6 $16 {is a better chance.}) 31. d6 Qg5+ 32. Kf1 Qb5+ {[%emt 0:00:17] [#]} 33. Ke1 $1 {[%emt 0:00:15] Strongly threatening Qc8+.} Kh7 {[%emt 0:00:50] [#]} 34. Kd2 $2 (34. h4 $1 $18) 34... h4 $2 (34... Qb6 $11 {and Black has nothing to worry.}) 35. Qf6 $2 ({White must play} 35. Qc7 $18 Qg5+ 36. Ke2) 35... Qb4+ $11 {[%emt 0:00:18] The position is equal.} 36. Ke3 Qe1+ 37. Kf4 Qc1+ 38. Kg4 Qg1+ $1 39. Kh3 Qf1+ 40. Kxh4 Qxf2+ 41. Kh3 Qf1+ 42. Kg3 Qg1+ 43. Kf4 Qc1+ 44. Kg3 Qg1+ 45. Kh3 Qf1+ 46. Kg3 {[%emt 0:00:51] Blacks defense is rewarded with a draw.  Weighted Error Value: White=0.32/Black=0.43} 1/2-1/2

[Event "Czech Championship Women 2022"]
[Site "Jaromerice nad Rokytnou"]
[Date "2022.05.24"]
[Round "1.4"]
[White "Trasakova, Adela"]
[Black "Nemcova, Karin"]
[Result "1/2-1/2"]
[ECO "D41"]
[WhiteElo "1842"]
[BlackElo "2181"]
[Annotator "TA"]
[PlyCount "60"]
[EventDate "2022.05.24"]
[EventType "tourn"]
[EventCountry "CZE"]
[SourceTitle "playchess.com"]
[Source "ChessBase"]
[SourceQuality "1"]
[TimeControl "40/5400+30:1800+30"]

1. d4 Nf6 2. Nf3 e6 3. g3 d5 4. Bg2 c5 5. O-O Nc6 6. c4 Be7 7. Nc3 O-O 8. cxd5 Nxd5 9. Nxd5 Qxd5 10. Ne5 {[%emt 0:04:18] D41: Queen's Gambit Declined: Semi-Tarrasch with 5 cxd5.} (10. Be3 $5 ) 10... Qxd4 11. Nxc6 bxc6 12. Bxc6 Rb8 13. Qc2 Rd8 14. Rb1 Ba6 {[%emt 0:06:49] [#]} 15. b3 $146 {[%emt 0:05:34] Against Qc4} ({Predecessor:} 15. Bf3 Bf6 16. Be3 Rxb2 17. Rxb2 Qxb2 18. Qxb2 Bxb2 19. Bxc5 Bd4 20. Bxd4 {½-½ (20) Neumeier,K (2300)-Larmuseau,M (2177) Vienna 2016}) 15... Rbc8 16. Be3 Qe5 17. Bf3 Bg5 18. Bxg5 Qxg5 19. Rfd1 g6 20. Rxd8+ Rxd8 21. Rd1 Rxd1+ {[%emt 0:03:12] The position is equal.} 22. Qxd1 $11 {[%emt 0:00:02][%mdl 4096] Endgame KQB-KQB} c4 23. bxc4 Bxc4 24. Qc2 Qc5 25. Kg2 a5 26. a3 Qb5 27. Qd2 e5 28. Qd6 a4 29. Bc6 Qa5 30. Bf3 Qc3 {[%emt 0:06:55] Weighted Error Value: White=0.04 (flawless) /Black=0.04 (flawless)} (30... Qb5 $11) 1/2-1/2

[Event "Czech Championship Women 2022"]
[Site "Jaromerice nad Rokytnou"]
[Date "2022.05.24"]
[Round "1.5"]
[White "Richterova, Natasa"]
[Black "Zelbova, Lada"]
[Result "1-0"]
[ECO "B51"]
[WhiteElo "2181"]
[BlackElo "1967"]
[Annotator "TA"]
[PlyCount "161"]
[EventDate "2022.05.24"]
[EventType "tourn"]
[EventCountry "CZE"]
[SourceTitle "playchess.com"]
[Source "ChessBase"]
[SourceQuality "1"]
[TimeControl "40/5400+30:1800+30"]

1. e4 c5 2. Nf3 d6 3. Bb5+ Nd7 4. O-O a6 5. Bxd7+ Bxd7 6. Re1 e5 {[%emt 0:01:08] B51: Sicilian: Moscow Variation (3 Bb5+) without 3...Bd7.} 7. c3 Qc7 8. d4 Nf6 {[%emt 0:01:34] White is slightly better.} 9. Bg5 Be7 10. h3 {[%emt 0:01:29] [#]} (10. dxe5 $14 dxe5 11. c4) 10... Rd8 $146 ({Predecessor:} 10... O-O 11. Nbd2 b5 12. Bh4 Rfe8 13. Bg3 Bf8 14. a4 cxd4 15. cxd4 bxa4 16. dxe5 dxe5 17. Nxe5 Rxe5 {0-1 (40) Tarlev,K (2564)-Korchmar,V (2424) Chess.com INT 2018}) 11. Qe2 O-O 12. dxe5 dxe5 13. c4 Bc6 14. Nc3 Nh5 15. Nd5 Bxd5 16. exd5 Bxg5 17. Nxg5 Nf4 18. Qe4 (18. Qxe5 Qxe5 19. Rxe5 f6 $17) 18... Ng6 19. h4 h6 20. h5 hxg5 21. hxg6 Rde8 22. gxf7+ (22. b3 $142) 22... Qxf7 $16 23. Qe3 {[%emt 0:01:04] Active counter play!} Qf4 24. Rac1 (24. Qxc5 Rc8 25. g3 Rxc5 $11) 24... Rf6 25. g3 Qf5 26. Re2 {[%emt 0:04:53] [#]} (26. Qxc5 $2 e4 27. Qe3 Qh3 28. Qxg5 (28. g4 $2 Rf3 $19) 28... Rh6 29. Qxh6 Qxh6 $19) (26. Rcd1 $11) 26... Rh6 $2 (26... e4 $1 $17 27. Kf1 (27. Qxc5 $2 Rh6 $19) 27... Qh3+ 28. Ke1 Rf3 29. Qxf3 exf3 30. Rxe8+ Kf7) 27. Qe4 $1 $14 Qh3 {[%emt 0:01:05] Hoping for ...Qh2+.} 28. Qg2 $36 {[%emt 0:00:09][%mdl 2048] Inhibits Qh2+. White is pushing.} Qg4 29. Re4 Qf5 30. Rc3 (30. Re3 $14 {is more appropriate.}) 30... g4 $11 31. Rce3 Rh5 32. f3 gxf3 33. Qxf3 Rf8 (33... Qh3 34. Qg2 $14) (33... Qg6 $11) 34. Qxf5 $16 Rhxf5 {[%emt 0:00:05][%mdl 4096] Endgame KRR-KRR} 35. Re2 Re8 {[%emt 0:02:22] [#]} (35... Rf1+ $16 36. Kg2 Rc1) 36. Kg2 $1 $18 g5 (36... Re7 $142 37. g4 Rf6) 37. Kh3 {[%emt 0:13:56] Kg4 is the strong threat.} Kf7 38. Kg4 Kg6 39. R4e3 Re7 (39... b5 $142 40. Rc2 bxc4) 40. d6 ({White should play} 40. Rf3 $18 Rf6 41. Rxf6+ Kxf6 42. Rf2+ Kg6 43. Rf5) 40... Rd7 $16 41. Rxe5 Rxd6 42. Rxf5 {[%emt 0:00:00] Intending Rd5 and mate.} Rd4+ {[%emt 0:00:36] [#]} 43. Rf4 $1 gxf4 44. gxf4 {[%emt 0:00:00] Strongly threatening Re6+.} Rxc4 {[%emt 0:02:22] KR-KR} (44... b5 $16 {was worth a try.}) 45. Re6+ $18 Kf7 46. Rb6 Rc2 47. Kf5 (47. Rxb7+ $18 Ke6 48. Rb6+ Kd7 49. a4 (49. Rxa6 Rxb2 50. f5 Rf2 $14)) 47... c4 $2 (47... Ke7 $16 48. Rxb7+ Kd6) 48. Rxb7+ Kg8 (48... Ke8 $142 49. a4 Kd8) 49. Kg6 Rg2+ 50. Kf6 Rc2 51. Rb8+ Kh7 52. b3 (52. f5 $142 c3 53. bxc3) 52... Rb2 $2 (52... cxb3 53. axb3 Rc6+ 54. Kf7 Rc7+ 55. Ke6 a5) 53. Rb7+ Kh6 54. Rb4 c3 55. f5 Kh5 {[%emt 0:02:12] Against Rh4+} 56. Rc4 Rxa2 57. Rxc3 {[%emt 0:00:05] White wants to mate with Ke7.} Rf2 58. Rc4 Rf3 59. Rb4 a5 60. Rb5 Kh6 61. Rb8 $2 (61. Ke7 Re3+ 62. Kf7) 61... Kh7 62. Rb5 $2 ({White must play} 62. Rb7+ $18 Kh8 63. Rb8+ Kh7 64. Rb7+ Kg8 65. Rb6) 62... Kg8 $2 (62... Kh6 $11 {and Black stays safe.}) 63. Ke6 {[%emt 0:00:51] Black must now prevent Kd6.} Re3+ (63... Kg7 $142 64. Rb7+ (64. Rxa5 Re3+ 65. Re5 Rxb3 $11) 64... Kg8) 64. Kd6 (64. Kd5 $142 Rc3 65. Kd4 (65. Rxa5 Rxb3 66. Ke6 Rb6+ 67. Ke5 Kf7 $11)) 64... Rf3 65. Kc6 Kf7 66. Kb6 Kf6 67. Kxa5 Ke7 68. b4 {[%emt 0:00:14][%cal Bb3b4,Bb4b5][%mdl 32] White threatens Rd5 and mate.} Kd7 69. Rc5 {[%emt 0:00:06] White mates.} Rf4 70. b5 Rd4 71. Rc6 Rd5 72. f6 Rf5 73. Kb6 Kd8 74. Rd6+ Kc8 75. Kc6 Rf1 76. b6 Rc1+ 77. Kd5 Re1 78. f7 Rf1 79. Ke6 Re1+ 80. Kf6 Rf1+ 81. Ke7 {[%emt 0:00:30] Weighted Error Value: White=0.47/Black=0.40} 1-0

[Event "Czech Championship Women 2022"]
[Site "Jaromerice nad Rokytnou"]
[Date "2022.05.24"]
[Round "2.1"]
[White "Pilsova, Karolina"]
[Black "Zelbova, Lada"]
[Result "1-0"]
[ECO "A30"]
[WhiteElo "2229"]
[BlackElo "1967"]
[Annotator "TA"]
[PlyCount "63"]
[EventDate "2022.05.24"]
[EventType "tourn"]
[EventCountry "CZE"]
[SourceTitle "playchess.com"]
[Source "ChessBase"]
[SourceQuality "1"]
[TimeControl "40/5400+30:1800+30"]

1. Nf3 c5 2. c4 Nc6 3. d4 cxd4 4. Nxd4 e5 5. Nb5 d6 6. g3 {[%emt 0:05:13] A30: Symmetrical English: Double Fianchetto and Hedgehog.} Be6 7. b3 {[%emt 0:00:43] [#]} Rc8 $146 ({Predecessor:} 7... a6 8. N5c3 h6 9. Bg2 Nf6 10. O-O Be7 11. Nd5 O-O 12. Nbc3 Re8 13. Be3 Nd7 14. Nxe7+ Qxe7 {1-0 (40) Maghsoodloo,P (2584)-Hirneise,T (2466) Doha 2016}) 8. Bg2 {[%emt 0:05:52] Prevents d5. White has an edge.} d5 (8... Nf6 $14) 9. cxd5 $18 Nb4 {[%emt 0:00:49] [#] And now ...Nc2+ would win.} 10. N5c3 Nxd5 (10... Bd7 11. Bb2 f5) 11. Bxd5 Bxd5 12. Nxd5 Qa5+ 13. Ndc3 Bb4 14. Bb2 Rxc3 15. Nxc3 Bxc3+ 16. Bxc3 Qxc3+ 17. Kf1 {[%emt 0:00:05] [#] aiming for Rc1.} Qc6 18. f3 Ne7 19. Qd3 O-O 20. Kg2 Qb6 21. Rhd1 Nc6 22. Rac1 h6 23. Qe4 Kh8 24. Rd7 {[%emt 0:03:22] White is clearly winning.} f5 25. Qc4 Qe3 26. Rc3 Qb6 27. Qc5 Qxc5 28. Rxc5 Rb8 29. f4 exf4 30. gxf4 Re8 31. Kf2 Re4 32. Rxf5 {[%emt 0:04:31] Black did not feel at home in the position after the opening.  Weighted Error Value: White=0.05 (flawless) /Black=0.39} 1-0

[Event "Czech Championship Women 2022"]
[Site "Jaromerice nad Rokytnou"]
[Date "2022.05.24"]
[Round "2.2"]
[White "Nemcova, Karin"]
[Black "Richterova, Natasa"]
[Result "0-1"]
[ECO "B12"]
[WhiteElo "2181"]
[BlackElo "2181"]
[Annotator "TA"]
[PlyCount "140"]
[EventDate "2022.05.24"]
[EventType "tourn"]
[EventCountry "CZE"]
[SourceTitle "playchess.com"]
[Source "ChessBase"]
[SourceQuality "1"]
[TimeControl "40/5400+30:1800+30"]

1. e4 c6 2. d4 d5 3. e5 Bf5 4. Nf3 e6 5. Be2 c5 6. c3 Nc6 7. O-O Rc8 8. a3 {[%emt 0:01:06] B12: Caro-Kann: Advance Variation.} Qb6 9. dxc5 Bxc5 10. b4 {[%emt 0:01:00] White is slightly better.} Be7 11. Be3 Qc7 {[%emt 0:00:06] [#]} 12. b5 $146 (12. Qa4 $14) ({Predecessor:} 12. Nbd2 Bd8 13. Rc1 Nge7 14. Re1 O-O 15. Bf4 Ng6 16. Bg3 Ngxe5 17. Kh1 f6 18. b5 {1-0 (49) Mahrla,H (1626)-Wolfram,G (1548) Bad Woerishofen 2005}) 12... Na5 $1 $11 (12... Nxe5 13. Nxe5 Qxe5 14. Bd4 $14) 13. Bd4 (13. Qa4 $11 b6 14. Nbd2) 13... b6 14. Nbd2 Nh6 15. Qa4 Bg6 16. c4 $1 O-O 17. Rac1 Rfd8 18. Bb2 Bc5 19. cxd5 exd5 20. Rfe1 Qd7 21. Bd4 (21. Nh4 {looks sharper.} Bf5 22. Nxf5 Qxf5 23. Qh4) 21... Nb7 22. Nb3 (22. Qxa7 $2 Ra8 23. Bxc5 (23. e6 $2 fxe6 24. Bxc5 Rxa7 $19) 23... Rxa7 $19) 22... Nf5 23. h3 Qe7 24. Bf1 Ra8 {[%emt 0:03:54] [#]} ({Don't take} 24... Bxa3 25. Rxc8 Rxc8 26. Qxa7 $16) (24... Rc7 $11) 25. Ra1 (25. Bxc5 $1 $16 Nxc5 26. Nxc5 bxc5 27. g4) 25... Qd7 26. Rac1 Rdc8 27. g4 {[%emt 0:02:04] aiming for Bxc5.} Ne7 (27... Nxd4 $11 28. Nfxd4 a6) 28. Ng5 {[%emt 0:01:51] Threatens to win with e6.} (28. Qa6 $5 Bxd4 29. Nfxd4 $11) 28... Qe8 29. f4 h6 30. Nf3 Be4 (30... a6 $11) 31. Nbd2 (31. Nfd2 $14 {stays ahead.}) 31... a6 ({Better is} 31... Ng6 $17 32. Bxc5 Nxc5 33. Rxc5 Rxc5 34. Nxe4 dxe4 35. Qxe4 Rac8) 32. Qb3 axb5 (32... Bxf3 $15 33. Nxf3 Na5) 33. Bxb5 Qd8 34. a4 (34. Nxe4 $2 dxe4 35. Rcd1 Qc7 $19) 34... Bxd4+ 35. Nxd4 Rxc1 36. Rxc1 Nc5 37. Qe3 Nxa4 38. f5 Nc5 39. f6 (39. Rf1 $11) 39... Ng6 $15 40. Rf1 ({White should play} 40. Bc6 $15 Ra2 41. Nxe4 dxe4 42. Nf5) 40... Nxe5 $17 41. g5 (41. Nxe4 {keeps fighting.} Nxe4 42. fxg7) 41... g6 ({Avoid the trap} 41... Ra2 $2 42. gxh6 gxf6 43. Rf2 $19) 42. gxh6 (42. Qf4 {was the only chance.} Qb8 43. gxh6) 42... Kh7 $19 43. Qg3 Qd6 {[%emt 0:00:00] Hoping for ...Ra2.} 44. Qg5 (44. h4 $142) 44... Ne6 45. Nxe6 Qxe6 46. Qe3 Qd6 47. Nxe4 dxe4 48. Qxe4 Qc5+ 49. Rf2 Ra1+ 50. Bf1 Ra2 51. Be2 b5 {[%emt 0:00:00] Strongly threatening ...b4.} 52. h4 b4 {[%emt 0:00:00] White must now prevent ...b3.} 53. h5 b3 54. hxg6+ Nxg6 55. Qb7 Qg5+ 56. Kh1 Qh4+ 57. Kg1 Qg3+ 58. Rg2 Qe3+ 59. Kh2 Ra7 (59... Qf4+ $142 60. Kh1 Ra1+ 61. Rg1 Qxh6+ 62. Kg2 Qg5+ 63. Kf2 Qxg1+ 64. Kf3 Qh1+ 65. Kf2 Qxb7 66. Bd3 b2 67. Bf5 Ra3 68. Kg1 b1=Q+ 69. Bxb1 Qxb1+ 70. Kh2 Qc2+ 71. Kh1 Ra1#) 60. Qb8 Qf4+ 61. Qxf4 Nxf4 {[%emt 0:00:04] KRB-KRN} 62. Rg7+ Kxh6 {[%emt 0:00:05] ( -> ...b2)} 63. Bg4 b2 (63... Ra2+ $142 64. Kh1 b2) 64. Bf5 Nh5 65. Rg8 (65. Rg2 $142 Rb7 66. Bb1) 65... Rb7 66. Bb1 Nxf6 67. Rg3 Nd5 68. Kg2 Rb4 69. Kf2 Kh5 (69... Rf4+ $142 70. Kg2 Rh4) 70. Rf3 {[%emt 0:01:02] [#]} Rf4 $2 {[%emt 0:00:11][%mdl 32768] Weighted Error Value: White=0.85/Black=0.43. Loss on time!?} (70... Nf4 $1 $19 71. Ke1 Kg4) 0-1

[Event "Czech Championship Women 2022"]
[Site "Jaromerice nad Rokytnou"]
[Date "2022.05.24"]
[Round "2.3"]
[White "Petrova, Kristyna"]
[Black "Trasakova, Adela"]
[Result "1/2-1/2"]
[ECO "A11"]
[WhiteElo "2264"]
[BlackElo "1842"]
[Annotator "TA"]
[PlyCount "75"]
[EventDate "2022.05.24"]
[EventType "tourn"]
[EventCountry "CZE"]
[SourceTitle "playchess.com"]
[Source "ChessBase"]
[SourceQuality "1"]
[TimeControl "40/5400+30:1800+30"]

1. Nf3 d5 2. g3 Nf6 3. Bg2 c6 4. O-O Bf5 5. c4 e6 6. cxd5 exd5 7. d3 h6 8. Qb3 {[%emt 0:01:44] A11: English Opening: 1...c6.} Qb6 9. Qc2 Be7 {[%emt 0:02:37] The main line 9...Be7 scores better than 9...Nbd7.} 10. Nc3 {[%emt 0:00:28] White is slightly better.} O-O 11. e4 dxe4 12. dxe4 Bh7 13. Be3 Qa5 14. h3 Bb4 {[%emt 0:05:18] [#]} 15. Bd4 $146 ({Predecessor:} 15. Nd4 Re8 16. Nb3 Qd8 17. Rad1 Qe7 18. f3 Na6 19. Bf2 Nc5 20. a3 Nxb3 21. Qxb3 {½-½ (49) Fressinet,L (2717)-Michalik,P (2557) Dubai 2014}) 15... Bxc3 16. Bxc3 Bxe4 17. Qc1 (17. Bxa5 Bxc2 18. Rfe1 Nbd7 $15) (17. Qb3 $11 Qb6 18. Bxf6 Qxb3 19. axb3 gxf6 20. Rfe1 Bxf3 21. Bxf3) 17... Qd8 $15 18. Qf4 Bxf3 (18... Nbd7 $15) 19. Bxf3 $11 {[%emt 0:02:01] This bishop pair is nice.} Nd5 20. Bxd5 Qxd5 (20... cxd5 $11 {keeps the balance.} 21. Rad1 Nc6) 21. Rfd1 Qe6 {[%emt 0:07:29][%mdl 8192] [#]} (21... Qg5 $16) 22. Kh2 $2 (22. Rd6 $1 $18 {is the precise move to win.} Qxh3 23. Re1 (23. Bxg7 Kxg7 24. Re1 Na6 $11)) 22... f6 23. Bb4 (23. Rd6 $16 Qf7 24. Rad1) 23... Rc8 (23... c5 $1 $11 24. Bxc5 Re8) 24. Re1 $16 {[%emt 0:00:06] White is more active.} Qd5 25. Re7 (25. Rad1 $16 Qg5 26. Qc4+ Kh8 27. Re7) 25... Na6 $1 $11 26. Bc3 {[%emt 0:01:01][%cal Oe7g7] Rxg7+! would kill now.} ({Wrong is} 26. Rxb7 $2 c5 27. Rxg7+ Kxg7 $19) 26... Rf8 27. Rxb7 {[%emt 0:02:22] Hoping for Qg4.} Nc5 28. Re7 Rae8 29. Rae1 Nd3 (29... Rxe7 $11 {remains equal.} 30. Rxe7 Rf7 31. Re8+ Kh7) 30. Qg4 $16 Rxe7 31. Rxe7 Rf7 {[%emt 0:01:10] [#]} 32. Re8+ ({White must play} 32. Qc8+ $1 $16 Kh7 33. Rxf7) 32... Kh7 $11 33. Qe2 Rd7 34. Kg1 (34. Rf8 $5 Rd8 35. Rxd8 Qxd8 36. Qe4+ Kh8 37. Kg2 $14 (37. Qxc6 Nxf2 38. Be1 Nd3 $11)) 34... Nc1 {[%emt 0:04:30] The position is equal.} 35. Qc2+ Nd3 36. Qe2 Nc1 37. Qc2+ Nd3 38. Qe2 {[%emt 0:01:09] Weighted Error Value: White=0.33/Black=0.29 (precise)} 1/2-1/2